 Dungeon Crawl Stone Soup version 0.24.0-123-gd5b16e6ec5 (webtiles) character file.

Game seed: 7908043057893593714, levelgen mode: deterministic

10133 vurker the Zephyrmancer (level 11, -18/66 HPs)
             Began as a Tengu Air Elementalist on Dec 31, 2019.
             Was a Priest of Vehumet.
             Killed from afar by Erica (27 damage)
             ... with an orb of energy
             ... on level 11 of the Dungeon.
             The game lasted 00:25:43 (16043 turns).

vurker the Zephyrmancer (Tengu Air Elementalist)   Turns: 16043, Time: 00:25:44

Health: -18/66     AC:  8    Str:  9    XL:     11   Next: 57%
Magic:  16/25      EV: 15    Int: 19    God:    Vehumet [***...]
Gold:   189        SH:  0    Dex: 14    Spells: 18/28 levels left

rFire    . . .     SeeInvis .   l - +0 whip (elec)
rCold    . . .     Gourm    .   (no shield)
rNeg     . . .     Faith    .   r - +0 robe {MR+}
rPois    .         Spirit   .   (helmet restricted)
rElec    .         Reflect  .   o - +0 cloak
rCorr    .         Harm     +   a - +0 pair of gloves
MR       +....                  (boots unavailable)
Stlth    ++........             B - amulet of harm
HPRegen  0.21/turn              n - +4 ring of protection
MPRegen  0.19/turn              b - ring of wizardry

@: flying quickly and evasively, quick
A: beak, talons 3, able to fly
a: Stop Flying, Renounce Religion


You were on level 11 of the Dungeon.
You worshipped Vehumet.
Vehumet was most pleased with you.
You were hungry.

You visited 1 branch of the dungeon, and saw 11 of its levels.

You collected 739 gold pieces.
You spent 550 gold pieces at shops.

Inventory:

Hand Weapons
 l - a +0 whip of electrocution (weapon)
   (You took it off Pikel on level 5 of the Dungeon)
Armour
 a - a +0 pair of gloves (worn)
   (You found it on level 10 of the Dungeon)
 o - a +0 cloak (worn)
   (You found it on level 3 of the Dungeon)
 r - a +0 robe of magic resistance (worn)
   (You bought it in a shop on level 9 of the Dungeon)
Jewellery
 b - a ring of wizardry (right hand)
   (You found it on level 7 of the Dungeon)
 m - an uncursed ring of protection from fire
   (You found it on level 6 of the Dungeon)
 n - a +4 ring of protection (left hand)
   (You found it on level 4 of the Dungeon)
 q - an uncursed ring of ice
   (You found it on level 4 of the Dungeon)
 t - an uncursed ring of protection from fire
   (You found it on level 8 of the Dungeon)
 B - an amulet of harm (around neck)
   (You bought it in a shop on level 9 of the Dungeon)
Wands
 c - a wand of disintegration (10)
   (You found it on level 8 of the Dungeon)
 v - a wand of digging (3)
   (You found it on level 6 of the Dungeon)
 x - a wand of acid (2)
   (You took it off an orc wizard on level 9 of the Dungeon)
Scrolls
 f - a scroll of blinking
 g - 4 scrolls of magic mapping
 i - 2 scrolls of remove curse
 k - 4 scrolls of enchant weapon
 s - 2 scrolls of enchant armour
 y - 8 scrolls of teleportation
Potions
 d - a potion of haste
 h - 5 potions of invisibility
 j - a potion of lignification
 p - 4 potions of curing
 u - 2 potions of cancellation
 w - a potion of resistance {unknown}
 z - a potion of experience {unknown}
 A - a potion of might
 D - a potion of heal wounds
Comestibles
 e - 8 rations
 C - 3 chunks of flesh


   Skills:
 + Level 6.9 Fighting
 - Level 2.1 Dodging
 - Level 2.0 Stealth
 * Level 9.4 Spellcasting
 + Level 11.1 Conjurations
 * Level 13.1 Air Magic


You had 18 spell levels left.
You knew the following spells:

 Your Spells              Type           Power        Failure   Level  Hunger
a - Shock                 Conj/Air       ####         1%          1    None
b - Lightning Bolt        Conj/Air       ######....   1%          5    #####..
c - Airstrike             Air            ######....   1%          4    ###....

Your spell library contained the following spells:

 Spells                   Type           Power        Failure   Level  Hunger
 Fulminant Prism          Conj/Hex       ####......   1%          4    ###....
 Flame Tongue             Conj/Fire      ####.        1%          1    None
 Swiftness                Chrm/Air       ####....     1%          2    None
 Throw Flame              Conj/Fire      ####..       1%          2    None
 Conjure Flame            Conj/Fire      ####....     1%          3    None
 Static Discharge         Conj/Air       ######..     1%          3    None
 Sticky Flame             Conj/Fire      ####....     1%          4    ###....
 Fireball                 Conj/Fire      ####......   2%          5    #####..
 Inner Flame              Hex/Fire       #.......     3%          3    None


Dungeon Overview and Level Annotations

Branches:
Dungeon (11/15)            Temple (0/1) D:5             Orc (0/2) D:11
   Lair: D:8-11

Altars:
Fedhas
Kikubaaqudgha
Makhleb
Okawaru
Qazlal
Ru
Sif Muna
Trog
Vehumet
Xom
Yredelemnul
The Shining One

Shops:
D:9 }=*[   D:11 }

Annotations:
D:7 1 runed translucent door, EtherCrawl's ghost, novice GnCj
D:11 Erica


Innate Abilities, Weirdness & Mutations

You have a beak for a mouth.
You have claws for feet.
You can fly continuously.


Message History

Aim: a water moccasin (resting)
The zap hits the water moccasin.
The water moccasin hisses angrily.
Aim: a water moccasin (lightly wounded)
The zap misses the water moccasin.
Aim: a water moccasin (lightly wounded)
The air twists around and strikes the water moccasin!
Aim: a water moccasin (severely wounded)
The air twists around and strikes the water moccasin!
You kill the water moccasin!
Vehumet accepts your kill.
You feel your power returning.
Some of the chunks of flesh in your inventory have rotted away.
A centaur warrior and Erica come into view.
Erica is wielding a +4 scimitar of flaming.
Erica shouts!
A hound comes into view.
Found a stone staircase leading down.
You see here a necrophage corpse.
The zap misses Erica.
The zap hits Erica.
The zap misses Erica.
Aim: Erica, wielding a +4 scimitar of flaming and wearing a +2 robe of positive energy (lightly wounded)
The air twists around and strikes Erica!
Aim: Erica, wielding a +4 scimitar of flaming and wearing a +2 robe of positive energy (lightly wounded)
The air twists around and strikes Erica.
Erica hits you with a +4 scimitar of flaming!
Erica burns you.
Aim: Erica, wielding a +4 scimitar of flaming and wearing a +2 robe of positive energy (moderately wounded)
The air twists around and strikes Erica!
Erica gestures at you while chanting. The orb of energy hits you!
* * * LOW HITPOINT WARNING * * *
The orb of energy explodes!
You hear a horrible gurgling sound!
Erica drinks a potion.
Erica seems to grow stronger.
Erica casts a spell at you. The bolt of poison hits you!!
You are poisoned.
* * * LOW HITPOINT WARNING * * *
You feel better.
Erica says, "I'm so much better than you."
You see here a +0 whip.
You see here a stone.
You see here a +0 whip.
There is a stone staircase leading up here.
You can't go down here!
You are feeling hungry.
Erica casts a spell at you. The orb of energy hits you!!
You die...

...### #.## ##.# #.#
##.###.## #.. ##...##
#.## ##.## ..# #.# #.#
##########.# #.##
#.....(.##.#
#.###.#####.##.#
#######..##.##).@(...#
#........)..@(.##.####
.........##.#####.#
#........##.#####.#
#.....@..........#
#........#########
#...>....# #.....)..#
#........#


You could see Erica.

Vanquished Creatures
  2 two-headed ogres
  An unseen horror (D:11)
  Pikel (D:5)
  A komodo dragon (D:10)
  2 trolls
  Grinder (D:3)
  2 hippogriffs
  Sigmund (D:5)
  5 yaks (D:11)
  A vampire (D:9)
  2 hungry ghosts
  2 steam dragons
  Menkaure (D:5)
  Duvessa (D:4)
  A water moccasin (D:11)
  3 orc warriors
  3 ice beasts
  3 sky beasts
  4 slaves (D:5)
  2 necrophages
  A phantom (D:8)
  3 centaurs
  An eye of draining (D:9)
  4 ogres
  3 big kobolds
  6 bullfrogs
  A wyvern zombie (D:6)
  Dowan (D:4)
  A scorpion (D:4)
  10 killer bees
  5 howler monkeys
  A crimson imp (D:10)
  A bullfrog zombie (D:6)
  5 jellies
  Crazy Yiuf (D:3)
  6 orc priests
  3 hounds
  A bullfrog skeleton (D:6)
  2 centaur skeletons (D:10)
  Natasha (thrice) (D:4)
  4 iguanas
  8 orc wizards
  4 worker ants
  A hound skeleton (D:4)
  A worker ant zombie (D:7)
  11 gnolls
  11 adders
  A shadow imp (D:11)
  2 oozes (D:2)
  An adder zombie (D:7)
  2 adder skeletons
  2 worms
  A dart slug (D:1)
  4 leopard geckos
  31 orcs
  8 giant cockroaches
  5 goblins
  2 hobgoblins (D:2)
  11 jackals
  22 kobolds
  5 quokkas
  4 ball pythons
  7 bats
  5 frilled lizards
  A leopard gecko zombie (D:6)
  2 quokka zombies
  6 rats
260 creatures vanquished.

Vanquished Creatures (others)
  2 worker ants (D:6)
  An adder (D:6)
  A leopard gecko skeleton (D:6)
4 creatures vanquished.

Grand Total: 264 creatures vanquished

Notes
Turn   | Place    | Note
-------+----------+-------------------------------------------
     0 | D:1      | vurker the Tengu Air Elementalist began the quest for the
                  | Orb.
     0 | D:1      | Reached XP level 1. HP: 10/10 MP: 4/4
   209 | D:1      | Reached XP level 2. HP: 15/15 MP: 3/6
  1180 | D:2      | Reached XP level 3. HP: 20/20 MP: 4/7
  1405 | D:2      | Reached skill level 1 in Fighting
  1439 | D:2      | You fall into a shaft and drop 1 floor!
  1779 | D:2      | Reached XP level 4. HP: 25/25 MP: 4/8
  1856 | D:2      | Found a sacrificial altar of Ru.
  2205 | D:2      | Found a shimmering altar of Xom.
  2295 | D:2      | Reached skill level 5 in Air Magic
  2980 | D:3      | Found a runed translucent door.
  2981 | D:3      | Noticed Crazy Yiuf
  3109 | D:3      | Noticed Grinder
  3431 | D:3      | Gained mutation: You can fly continuously. [Tengu growth]
  3431 | D:3      | Reached XP level 5. HP: 29/29 MP: 7/10
  3539 | D:3      | Learned a level 5 spell: Lightning Bolt
  3544 | D:3      | Learned a level 4 spell: Airstrike
  3580 | D:3      | Killed Grinder
  3580 | D:3      | Reached XP level 6. HP: 35/35 MP: 5/12
  3783 | D:3      | Killed Crazy Yiuf
  3783 | D:3      | Reached skill level 6 in Air Magic
  4075 | D:4      | Reached skill level 5 in Conjurations
  4075 | D:4      | Reached XP level 7. HP: 19/40 MP: 0/13
  4443 | D:4      | Noticed Dowan
  4443 | D:4      | Noticed Natasha
  4454 | D:4      | Killed Natasha
  4456 | D:4      | Killed Dowan
  4529 | D:4      | Noticed Duvessa
  4862 | D:4      | Killed Duvessa
  5018 | D:4      | Noticed Natasha
  5027 | D:4      | Killed Natasha
  5027 | D:4      | Reached skill level 7 in Air Magic
  5126 | D:4      | Noticed Natasha
  5136 | D:4      | Killed Natasha
  5390 | D:4      | Found an ancient bone altar of Kikubaaqudgha.
  5636 | D:5      | Entered Level 5 of the Dungeon
  5741 | D:5      | Reached XP level 8. HP: 46/46 MP: 10/15
  5892 | D:5      | Found a staircase to the Ecumenical Temple.
  6177 | D:5      | Found an iron altar of Okawaru.
  6215 | D:5      | Found a radiant altar of Vehumet.
  6223 | D:5      | Became a worshipper of Vehumet
  6554 | D:5      | Found a blossoming altar of Fedhas.
  6806 | D:5      | Noticed Menkaure
  6809 | D:5      | Killed Menkaure
  6809 | D:5      | Reached skill level 5 in Spellcasting
  6809 | D:5      | Reached skill level 8 in Air Magic
  6919 | D:5      | Noticed Pikel
  7022 | D:5      | Killed Pikel
  7022 | D:5      | Reached XP level 9. HP: 42/52 MP: 9/18
  7324 | D:5      | Noticed Sigmund
  7328 | D:5      | Killed Sigmund
  7328 | D:5      | Reached skill level 9 in Air Magic
  8101 | D:6      | Found a shimmering altar of Xom.
  8255 | D:6      | Found a basalt altar of Yredelemnul.
  8256 | D:6      | Found a stormy altar of Qazlal.
  8910 | D:7      | Reached * piety under Vehumet
  8910 | D:7      | Offered knowledge of Magic Dart by Vehumet.
  9040 | D:7      | Got a scorched ring mail
  9041 | D:7      | Identified the cursed +1 ring mail "Myfest" {rF+ rN+ Dex+4}
                  | (You found it on level 7 of the Dungeon)
  9218 | D:7      | Found a runed translucent door.
  9222 | D:7      | Noticed EtherCrawl's ghost (novice GnCj)
  9233 | D:7      | Reached skill level 10 in Air Magic
  9513 | D:7      | Reached skill level 5 in Fighting
 10088 | D:8      | Reached XP level 10. HP: 59/59 MP: 16/21
 10347 | D:8      | Reached ** piety under Vehumet
 10350 | D:8      | Offered knowledge of Throw Frost by Vehumet.
 10681 | D:8      | Noticed a two-headed ogre
 10836 | D:8      | Killed a two-headed ogre
 10836 | D:8      | Reached skill level 10 in Conjurations
 10836 | D:8      | Reached skill level 11 in Air Magic
 11006 | D:8      | Found a burning altar of Makhleb.
 11650 | D:8      | Found a glowing golden altar of the Shining One.
 12395 | D:9      | Got a pitted plate armour
 12406 | D:9      | Identified the +3 plate armour of the Moon Troll {rCorr
                  | Str+3 SInv} (You found it on level 9 of the Dungeon)
 12425 | D:9      | Found a shimmering blue altar of Sif Muna.
 12436 | D:9      | Found Fiofos's Armour Boutique.
 12444 | D:9      | Bought a +0 robe of magic resistance for 100 gold pieces
 12579 | D:9      | Reached skill level 12 in Air Magic
 12675 | D:9      | Found Fatanang's General Store.
 12686 | D:9      | Found Xugeurog's Jewellery Emporium.
 12700 | D:9      | Offered knowledge of Mephitic Cloud by Vehumet.
 12846 | D:9      | Found Peklenedgh's Assorted Antiques.
 13109 | D:9      | Found Liwnaakk's Gadget Shoppe.
 13201 | D:9      | Reached XP level 11. HP: 63/63 MP: 20/24
 13355 | D:9      | Found a bloodstained altar of Trog.
 13366 | D:9      | Reached *** piety under Vehumet
 13448 | D:10     | Entered Level 10 of the Dungeon
 14391 | D:9      | Bought an uncursed amulet of harm for 450 gold pieces
 14653 | D:11     | Noticed a two-headed ogre
 14656 | D:11     | Noticed a white ugly thing
 14700 | D:10     | Killed a two-headed ogre
 14700 | D:10     | Offered knowledge of Fulminant Prism by Vehumet.
 14954 | D:11     | Found Geykeshra's Gadget Emporium.
 15609 | D:10     | Reached skill level 13 in Air Magic
 15771 | D:11     | Found a staircase to the Orcish Mines.
 15874 | D:11     | Killed an unseen horror
 16003 | D:11     | Noticed Erica
 16003 | D:11     | Noticed a centaur warrior
 16031 | D:11     | HP: 2/65 [Erica/bolt of poison (26)]
 16043 | D:11     | Killed from afar by Erica

Levels and vault maps discovered:
D:1:      lightli_arrival_statue_moat, layout_basic, lemuel_flame_loot_1
D:2:      layout_loops_corners, lemuel_crystal_altar, hangedman_ru_absence
D:3:      layout_loops_ring, uniq_grinder, uniq_crazy_yiuf_cottage
D:4:      layout_basic, kiku_gazebo_pond_becter, uniq_duvessa, uniq_natasha
D:5:      layout_basic, fedhas_altar_4, kennysheep_okawaru_gauntlet,
          vehumet_crystals, temple_doors_e, first_ration, uniq_pikel,
          uniq_sigmund, uniq_menkaure
D:6:      layout_rooms, minitemple, xom_confusion_cloud
D:7:      layout_loops_corners, hellmonk_ghost_happy_afterlife, minivault_26
D:8:      layout_loops_ring, nicolae_tso_carved_into_rock,
          makhleb_heckhound_becter
D:9:      layout_long_grid, trog_eyes_of_draining, serial_shops,
          kennysheep_mini_moat, shop, nicolae_shop_statue_plus, shop,
          nicolae_shop_crystal, basic_altar
D:10:     layout_cave_pools
D:11:     minmay_goldmine, layout_loops_cross, lair_entry_dummy, orc_david_3,
          serial_shops, shop, uniq_grum, uniq_fannar, uniq_erica

Skill      XL: |  1  2  3  4  5  6  7  8  9 10 11 |
---------------+----------------------------------+-----
Conjurations   | 2 3 4 5 6 7 9 10 11 | 11.1
Fighting       | 1 2 3 4 5 6 |  6.9
Air Magic      | 5 6 7 8 10 12 13 | 13.1
Spellcasting   | 3 4 5 7 8 9 |  9.4
Dodging        | |  2.1
Stealth        | |  2.0

Action                   |  1- 3 |  4- 6 |  7- 9 | 10-12 || total
-------------------------+-------+-------+-------+-------++-------
Melee: Short sword       |     1 |     4 |     9 |       ||    14
       Kick              |     1 |     2 |     1 |     1 ||     5
       Peck              |       |     1 |     1 |       ||     2
       Whip              |       |       |       |     3 ||     3
 Cast: Shock             |    69 |    74 |   270 |   269 ||   682
       Airstrike         |       |     7 |    38 |    92 ||   137
 Abil: Fly               |       |     1 |       |       ||     1
Evoke: Wand              |       |       |       |     5 ||     5
  Use: Scroll            |       |       |    18 |     2 ||    20
       Potion            |       |       |     1 |     1 ||     2
  Eat: Chunk             |     3 |     5 |    17 |    15 ||    40
       Ration            |       |     1 |     2 |     3 ||     6
Armor: Robe              |     1 |     2 |    14 |    21 ||    38
Dodge: Dodged            |     8 |     7 |    62 |    70 ||   147
